 Dungeon Crawl Stone Soup version 0.31.0-11-ge490571c62 (webtiles) character file.

Game seed: 9307762889919300921

117 qw the Shooter (level 4, -2/23 HPs)
             Began as a Spriggan Hunter on Feb 3, 2024.
             Slain by a gnoll
             ... wielding a +0 flail of protection
              (8 damage)
             ... on level 3 of the Dungeon.
             The game lasted 00:00:06 (1423 turns).

qw the Shooter (Spriggan Hunter)                    Turns: 1423, Time: 00:00:07

Health: -2/23      AC:  3    Str:  7    XL:     4   Next: 71%
Magic:  5/5        EV: 20    Int: 10    God:
Gold:   82         SH:  0    Dex: 20    Spells: 3/3 levels left

rFire   . . .        a - +0 shortbow
rCold   . . .        (shield currently unavailable)
rNeg    . . .        c - +0 robe
rPois   .            (helmet restricted)
rElec   .            h - +0 cloak
rCorr   .            (gloves unavailable)
SInv    +            (boots unavailable)
Will    .....        d - amulet of regeneration
Stlth   ++           (no ring)
HPRegen 1.03/turn    (no ring)
MPRegen 0.09/turn

%: no passive effects
@: about to teleport, very quick
A: very small, no large weapons, unfitting armour, see invisible, speed 3
a: no special abilities


You were on level 3 of the Dungeon.
You visited 1 branch of the dungeon, and saw 3 of its levels.

You collected 82 gold pieces.


Innate Abilities, Weirdness & Mutations

You are very small and have problems with some larger weapons.
You are too small for most types of armour.
You have supernaturally acute eyesight. (SInv)
You cover ground extremely quickly. (Speed+++)


   Skills:
 - Level 2.0 Fighting
 + Level 5.0 Ranged Weapons
 - Level 5.0 Dodging
 - Level 1.5 Stealth


You had 3 spell levels left.
You didn't know any spells.
Your spell library was empty.

Inventory:

Hand Weapons
 a - a +0 shortbow (weapon)
Armour
 c - a +0 robe (worn)
 h - a +0 cloak (worn)
Jewellery
 d - an amulet of regeneration (around neck)
Scrolls
 b - 2 scrolls of teleportation
 j - a scroll of fear {unknown}
 k - a scroll of torment {unknown}
 m - a scroll of poison {unknown}
 n - a scroll of identify {unknown}
Potions
 e - a potion of brilliance {unknown}
 f - 2 potions of heal wounds {unknown}
 g - a potion of might {unknown}
 i - a potion of berserk rage {unknown}
 l - a potion of curing {unknown}

Dungeon Overview and Level Annotations

Branches:
Dungeon (3/15)

Altars:


Message History

The gnoll completely misses you.
You shoot an arrow. The arrow closely misses the gnoll.
The gnoll hits you from afar with a +0 spear.
The gnoll hits you with a +0 flail of protection.
You shoot an arrow.
The arrow hits the gnoll but does no damage.
The gnoll misses you. The gnoll completely misses you.
You shoot an arrow. The arrow closely misses the gnoll.
The gnoll hits you from afar with a +0 spear!
The gnoll misses you.
You shoot an arrow. The arrow hits the gnoll.
The gnoll is lightly wounded.
The gnoll completely misses you. The gnoll barely misses you.
You shoot an arrow. The arrow barely misses the gnoll.
The gnoll hits you from afar with a +0 spear.
The gnoll hits you but does no damage. The gnoll closely misses you.
The gnoll hits you but does no damage.
You shoot an arrow. The arrow hits the gnoll.
The gnoll is heavily wounded.
The gnoll misses you. The gnoll completely misses you.
You shoot an arrow. The arrow hits the gnoll.
The gnoll is almost dead.
The gnoll hits you with a +0 flail of protection.
The gnoll barely misses you.
You shoot an arrow. The arrow hits the gnoll.
The gnoll is almost dead.
The gnoll misses you. x2
You shoot an arrow. The arrow closely misses the gnoll.
The gnoll misses you.
The gnoll hits you with a +0 flail of protection!
1422 ||| READING 3 scrolls of teleportation.
As you read the scroll of teleportation, it crumbles to dust.
You feel strangely unstable. The gnoll misses you.
The gnoll closely misses you.
You shoot an arrow.
The arrow hits the gnoll but does no damage.
The gnoll is almost dead.
The gnoll closely misses you.
The gnoll hits you with a +0 flail of protection!
You die...

#.##.........##.##.####.#.......
#.##.#.#.#.#................ ...
#.#..........##........... ....
#....#.#.#.#.##.##..###.# .....
#.##.........>..........##....#.
#.##.#.#.#.#.##.##..###.......#.
#.##............................
#.###.#####......#.####.##..###.
### #.# #.###@.#.# #.# ..# #.#
#.# ##g#.# ..^ .# #.# #.# g#..
...# ## #.# #.. ... .### #.. ..#
.## #. ### ### .# .. ##


You could see 2 gnolls.

Vanquished Creatures
  3 adders
  2 gnolls (D:3)
  A ribbon worm (D:2)
  2 dart slugs
  7 bats
  7 endoplasms
  4 giant cockroaches
  6 hobgoblins
  5 kobolds
  A quokka (D:1)
  6 ball pythons
  6 frilled lizards
  5 goblins
  6 rats
61 creatures vanquished.

Notes
Turn   | Place    | Note
-------+----------+-------------------------------------------
     0 | D:1      | qw the Spriggan Hunter began the quest for the Orb.
     0 | D:1      | Reached XP level 1. HP: 10/10 MP: 2/2
     0 | D:1      | 0 ||| qw: Version: 0.3-a-155-g5e7d8dd
     0 | D:1      | 0 ||| qw: Game counter: 3546
     0 | D:1      | 0 ||| qw: Melee chars always use a shield: true
     0 | D:1      | 0 ||| qw: God list: Okawaru
     0 | D:1      | 0 ||| qw: Allow faded altars: false
     0 | D:1      | 0 ||| qw: Do Orc after clearing Dungeon:15 true
     0 | D:1      | 0 ||| qw: Do second Lair branch before Depths: true
     0 | D:1      | 0 ||| qw: Lair rune preference: random
     0 | D:1      | 0 ||| qw: Goals: Normal
     0 | D:1      | 0 ||| PLANNING D:1-11
    27 | D:1      | Reached skill level 3 in Dodging
    52 | D:1      | Reached XP level 2. HP: 14/14 MP: 3/3
   223 | D:1      | Reached XP level 3. HP: 18/18 MP: 4/4
   390 | D:1      | 390 ||| UPGRADING to +0 cloak.
   395 | D:1      | 395 ||| UPGRADING to amulet of regeneration.
   400 | D:1      | 400 ||| READING scroll labelled TOSTRA ELAO.
   403 | D:1      | 403 ||| READING scroll labelled CATUZUDDET.
   404 | D:1      | 404 ||| DROPPING scroll of butterflies.
   946 | D:2      | You fall into a shaft and drop 1 floor!
   952 | D:3      | 952 ||| PLANNING SEWER
   979 | D:3      | Reached XP level 4. HP: 22/22 MP: 5/5
   980 | D:3      | Found a faded altar of an unknown god.
  1421 | D:3      | HP: 4/23 [gnoll/+0 flail of protection (7)]
  1422 | D:3      | 1422 ||| READING 3 scrolls of teleportation.
  1423 | D:3      | Slain by a gnoll

Levels and vault maps discovered:
D:1:      dpeg_arrival_shrine, layout_rooms, minmay_indecisive_spiral
D:2:      layout_loops_ring, minmay_box_of_dots
D:3:      layout_basic, ebering_ecumenical_altar_rust, serial_glass,
          glass_columns_a, glass_columns_b, glass_columns_c, glass_columns_c,
          glass_columns_a, glass_columns_a, glass_columns_c, glass_columns_a,
          portal_sewer_entry_d

Skill      XL: |  1  2  3  4 |
---------------+-------------+-----
Dodging        | 3 4 5 |  5.0
Ranged Weapons | 5 |  5.0
Fighting       | 2 |  2.0
Stealth        | |  1.5

Action                     |  1- 3 |  4- 6 || total
---------------------------+-------+-------++-------
   Fire: Shortbow          |   116 |    61 ||   177
    Use: Scroll            |     2 |     1 ||     3
 Armour: Robe              |     8 |    19 ||    27
  Dodge: Dodged            |    29 |    55 ||    84

Table legend:
 A = Non-vault XP
 B = Vault XP
 C = Vault XP percentage of total XP
 D = Non-vault monster count
 E = Vault monster count
 F = Vault count percentage of total count
                 A         B        C        D         E       F
            +---------+---------+-------+---------+---------+-------
      Total |     141 |      27 |  16.1 |      53 |       8 |  13.1
            +---------+---------+-------+---------+---------+-------
        D:1 |      41 |       6 |  12.8 |      24 |       4 |  14.3
        D:2 |      21 |      21 |  50.0 |      11 |       4 |  26.7
        D:3 |      79 |       0 |   0.0 |      18 |       0 |   0.0
            +---------+---------+-------+---------+---------+-------
